 Dungeon Crawl Stone Soup version 0.21-a0-221-gfe971b9 (webtiles) character file.

136 Moloch the Chopper (level 4, -4/35 HPs)
             Began as a Demonspawn Fighter on Aug 26, 2017.
             Killed from afar by an orc wizard (8 damage)
             ... with a magic dart
             ... on level 4 of the Dungeon.
             The game lasted 00:04:18 (3632 turns).

Moloch the Chopper (Demonspawn Fighter)             Turns: 3632, Time: 00:04:19

Health: -4/35      AC:  7    Str: 16    XL:     4   Next: 98%
Magic:  4/4        EV:  6    Int:  9    God:
Gold:   201        SH:  8    Dex: 14    Spells: 3/3 levels left

rFire    . . .     SeeInvis .   a - +0 war axe
rCold    . . .     Gourm    .   c - +0 shield
rNeg     . . .     Faith    .   b - +0 scale mail
rPois    .         Spirit   .   (helmet restricted)
rElec    .         Reflect  .   (no cloak)
rCorr    .         Harm     .   r - +0 pair of gloves
MR       .....                  (no boots)
Stlth    ..........             (no amulet)
HPRegen  0.11/turn              (no ring)
MPRegen  0.09/turn              (no ring)

@: slowed, very slow
A: horns 1, powered by pain 1
a: no special abilities


You were on level 4 of the Dungeon.
You were not hungry.

You visited 1 branch of the dungeon, and saw 4 of its levels.

You collected 201 gold pieces.

Inventory:

Hand Weapons
 a - a +0 war axe (weapon)
Missiles
 x - 5 tomahawks of returning (quivered)
Armour
 b - a +0 scale mail (worn)
 c - a +0 shield (worn)
 r - a +0 pair of gloves (worn)
Jewellery
 u - an uncursed ring of flight {unknown}
Scrolls
 i - 2 scrolls of identify
 j - a scroll of blinking {unknown}
 l - a scroll of remove curse {unknown}
 n - 2 scrolls of magic mapping {unknown}
 o - a scroll of enchant weapon {unknown}
 p - a scroll of fog {unknown}
 q - a scroll of amnesia {unknown}
Potions
 d - 2 potions of might
 e - 2 potions of flight {unknown}
 g - 2 potions of berserk rage {unknown}
 h - 2 potions of curing
 k - a potion of heal wounds {unknown}
 m - 2 potions of resistance {unknown}
 t - a potion of degeneration {unknown}
 v - a potion of cancellation {unknown}
Comestibles
 f - 2 bread rations
 s - 2 meat rations
 w - 5 chunks of flesh


   Skills:
 - Level 3.0 Fighting
 + Level 4.7 Axes
 - Level 2.6 Armour
 - Level 2.6 Shields


You had 3 spell levels left.
You didn't know any spells.

Dungeon Overview and Level Annotations

Branches:
Dungeon (4/15)
 Temple: D:4-7

Altars:
Nemelex Xobeh

Annotations:
D:3 Gorglomux's ghost, amateur HOEE
D:4 Blork the orc


Innate Abilities, Weirdness & Mutations

You have a pair of small horns on your head.
You sometimes gain a little power by taking damage.


Message History

Blork the orc is wielding a halberd of venom.
Blork the orc shouts!
The orc wizard shouts!
An orc comes into view.
The orc shouts!
You hear a shout!
The orc wizard casts a spell at you.
You feel yourself slow down. The orc wizard hits you with a dagger.
Blork the orc gestures wildly while chanting.
Blork the orc seems to speed up.
The orc wizard casts a spell.
The orc wizard seems to speed up.
An orc comes into view. It is wielding a hand axe.
As you read the scroll labeled FOEKKU KULUADE, it crumbles to dust.
It is a scroll of identify.
h - 2 potions of curing Blork the orc hits you from afar with a halberd of venom!
* * * LOW HITPOINT WARNING * * *
The orc wizard gestures at you while chanting.
The magic dart hits you!
You die...

##.....###
######.......>##
#............#.##
#.####......###.##########
####....## ##.....o....
#........###.##########
#.##oooo..#.## #
#.##.#o###.## #########
#.##.#@###.## #.......)
#.##.#......# #.#######
#.##.#####..# #.# ####.
#.##.# #..# #.# #.... #.#
.# #..# #.# #.##. #.# #..#
#.###.### #.# #..#
#.##...## ##[## #
#..###.#.###.# #...#.#
#........# ..


You could see Blork the orc, 2 orc wizards and an orc.

Vanquished Creatures
  2 orc wizards (D:4)
  4 adders (D:2)
  A dart slug (D:1)
  A leopard gecko (D:4)
  3 orcs (D:4)
  2 giant cockroaches (D:3)
  5 goblins
  7 hobgoblins
  A quokka (D:2)
  A ball python (D:1)
  7 bats
  7 frilled lizards
  4 kobolds
  A leopard gecko skeleton (D:4)
  A rat (D:3)
47 creatures vanquished.

Notes
Turn   | Place    | Note
-------+----------+-------------------------------------------
     0 | D:1      | Moloch the Demonspawn Fighter began the quest for the Orb.
     0 | D:1      | Reached XP level 1. HP: 18/18 MP: 1/1
   105 | D:1      | Reached skill level 2 in Axes
   306 | D:1      | Found a sparkling altar of Nemelex Xobeh.
   407 | D:1      | Gained mutation: You sometimes gain a little power by taking damage. [demonic ancestry]
   407 | D:1      | Reached XP level 2. HP: 17/24 MP: 2/2
  1018 | D:2      | Reached skill level 3 in Axes
  1018 | D:2      | Gained mutation: You have a pair of small horns on your head. [demonic ancestry]
  1018 | D:2      | Reached XP level 3. HP: 8/29 MP: 3/3
  2121 | D:3      | Noticed Gorglomux's ghost (amateur HOEE)
  2780 | D:3      | Reached XP level 4. HP: 30/35 MP: 4/4
  2839 | D:3      | Reached skill level 4 in Axes
  3628 | D:4      | Noticed Blork the orc
  3632 | D:4      | Killed from afar by an orc wizard

Vault maps used:
D:1:      wheals_arrival_linesprint, st_stairs_1, kennysheep_small_spiral,
          nemelex_diamond_rough_becter
D:2:      first_bread
D:4:      minivault_5, uniq_blork_the_orc

Skill      XL: |  1  2  3  4 |
---------------+-------------+-----
Axes           | 2 3 4 |  4.7
Fighting       | |  3.0
Armour         | |  2.6
Shields        | |  2.6

Action                   |  1- 3 |  4- 6 || total
-------------------------+-------+-------++-------
Melee: War axe           |   161 |    59 ||   220
       Headbutt          |    15 |     9 ||    24
  Use: Scroll            |       |     1 ||     1
  Eat: Chunk             |     2 |     5 ||     7
       Royal jelly       |     1 |       ||     1
Armor: Scale mail        |    98 |    36 ||   134
Dodge: Dodged            |    45 |    11 ||    56
Block: Shield            |    90 |    25 ||   115

Table legend:
 A = Spawn XP
 B = Non-spawn XP
 C = Spawn XP percentage of total XP
 D = Spawn monster count
 E = Non-spawn monster count
 F = Spawn count percentage of total count
 G = Total turns spent on level
                    A         B        C        D         E        F      G
               +---------+---------+-------+---------+---------+-------+---------
         Total |      20 |     175 |  10.3 |       5 |      42 |  10.6 |  3632
               +---------+---------+-------+---------+---------+-------+---------
           D:1 |       1 |      26 |   3.7 |       1 |      16 |   5.9 |   941
           D:2 |      16 |      50 |  24.2 |       3 |      10 |  23.1 |  1833
           D:3 |       0 |      14 |   0.0 |       0 |      10 |   0.0 |   651
           D:4 |       3 |      85 |   3.4 |       1 |       6 |  14.3 |   207
               +---------+---------+-------+---------+---------+-------+---------
